 Dungeon Crawl Stone Soup version 0.18.1-48-g4cf74bf (webtiles) character file.

161 Heedrag the Conjurer (level 5, -3/28 HPs)
             Began as a Deep Elf Conjurer on Aug 10, 2016.
             Slain by Wardy's ghost (19 damage)
             ... on level 3 of the Dungeon.
             The game lasted 00:05:24 (1890 turns).

Heedrag the Conjurer (Deep Elf Conjurer)            Turns: 1890, Time: 00:05:24

Health: -3/28      AC:  2    Str:  6    XL:     5   Next: 19%
Magic:  14/14      EV: 13    Int: 20    God:
Gold:   72         SH:  0    Dex: 15    Spells: 4 memorised, 1 level left

rFire  x . .     SeeInvis .     j - +0 spear
rCold  + + .     Gourm    .     a - +0 robe
rNeg   . . .     Faith    .     (no shield)
rPois  .         Spirit   .     (no helmet)
rElec  .         Dismiss  .     (no cloak)
rCorr  .         Reflect  .     (no gloves)
SustAt .         Harm     .     (no boots)
MR     .....                    (no amulet)
Stlth  ++........               m - ring of protection from cold
                                r - ring of ice

@: not resistant to hostile enchantments, unstealthy
A: no striking features
a: no special abilities


You were on level 3 of the Dungeon.
You were not hungry.

You visited 1 branch of the dungeon, and saw 3 of its levels.

You collected 72 gold pieces.

Inventory:

Hand Weapons
 j - a +0 spear (weapon)
Armour
 a - a +0 robe (worn)
Jewellery
 l - an uncursed ring of sustain attributes
 m - a ring of protection from cold (right hand)
 r - a ring of ice (left hand)
Scrolls
 e - a scroll of identify {unknown}
 h - a scroll of remove curse {unknown}
 i - a scroll of recharging {unknown}
 k - a scroll of fear {unknown}
 n - a scroll of magic mapping {unknown}
 p - 2 scrolls of enchant armour {unknown}
 q - a scroll of enchant weapon {unknown}
 s - a scroll of random uselessness {unknown}
 v - a scroll of amnesia {unknown}
Potions
 f - a potion of lignification {unknown}
 o - a potion of cure mutation {unknown}
 t - a potion of degeneration {unknown}
 u - a potion of haste {unknown}
Books
 b - a book of Conjurations

   Spells                             Type                      Level
   a - Magic Dart                     Conjuration                  1
   b - Searing Ray                    Conjuration                  2
   c - Dazzling Spray                 Conjuration/Hexes            3
   d - Fulminant Prism                Conjuration/Hexes            4
   e - Iskenderun's Mystic Blast      Conjuration                  4
   f - Iskenderun's Battlesphere      Conjuration/Charms           5
Comestibles
 c - 4 bread rations
 d - a slice of pizza
 g - 3 chunks of flesh


   Skills:
 - Level 2.4 Dodging
 - Level 2.4 Stealth
 + Level 5.0 Spellcasting
 * Level 6.3 Conjurations
 + Level 0.0 Charms


You had one spell level left.
You knew the following spells:

 Your Spells              Type           Power        Failure   Level  Hunger
a - Magic Dart            Conj           ####         1%          1    None
b - Dazzling Spray        Conj/Hex       ###...       12%         3    ##.....
c - Iskenderun's Mystic   Conj           ####....     10%         4    ####...
d - Iskenderun's Battles  Conj/Chrm      ###.....     89%         5    #####..


Dungeon Overview and Level Annotations

Branches:
Dungeon (3/15)

Altars:
Dithmenos
Makhleb
Okawaru
Zin

Shops:
D:2 *

Annotations:
D:3 Wardy's ghost, amateur MiCK


Message History

Wardy's ghost turns its malevolent gaze towards ye.
Wardy's ghost whispers, "Thar be nay future fer ye."
Castin': Magic Dart Confirm wit' . or Enter, or press ? or * ta list all spells.
Aimin': Magic Dart
Press: ? - help, Shift-Dir - straight line, f - orc
Aim: an orc Okay, than. 2 orcs an' an orc wizard come inta view.
Ye see 'ere a whip.
Tha orc shouts!
Tha orc barely misses ye.
Found 4 gold pieces.
Tha orc shouts! x4; Tha orc wizard shouts!
Ye hit tha orc.
Tha orc be severely wounded.
Tha orc closely misses ye.
Wardy's ghost closely misses ye.
Tha orc misses ye.
Wardy's ghost hits ye!
Ye be electrocuted!
Ouch! Tha re'lly hurt!
Ye die...

#...........# #..#
.#
################.##
#.......# #.....#.#
#.....#.###.#
#...........#
#.....##.##.#
#.....# .# #..@W.#
.# ####..o..# ..
$.....o.).# #.
....oo....# ..
...oo.##### ...o.o
...... ...... .....


You could see an orc wizard, Wardy's ghost and 7 orcs.

Vanquished Creatures
  An orc priest (D:3)
  2 orc wizards (D:3)
  A gnoll (D:1)
  An adder (D:2)
  An ooze (D:2)
  2 dart slugs (D:1)
  2 giant geckos (D:2)
  2 orcs (D:3)
  A ball python (D:1)
  A giant cockroach (D:1)
  5 goblins
  8 hobgoblins
  4 kobolds
  2 quokkas
  8 bats
  3 giant newts
  8 rats
52 creatures vanquished.

Notes
Turn   | Place    | Note
--------------------------------------------------------------
     0 | D:1      | Heedrag the Deep Elf Conjurer began the quest for the Orb.
     0 | D:1      | Reached XP level 1. HP: 10/10 MP: 6/6
   227 | D:1      | Reached XP level 2. HP: 15/15 MP: 6/8
   458 | D:1      | Reached skill level 5 in Conjurations
   560 | D:1      | Reached XP level 3. HP: 13/19 MP: 5/10
   605 | D:1      | Learned a level 3 spell: Dazzling Spray
   762 | D:2      | Found a burning altar of Makhleb.
   762 | D:2      | Found a shadowy altar of Dithmenos.
   764 | D:2      | Found an iron altar of Okawaru.
   787 | D:2      | Found Zin's Purification Station.
   790 | D:2      | Found a glowing silver altar of Zin.
  1292 | D:2      | Reached XP level 4. HP: 24/24 MP: 7/12
  1658 | D:3      | Noticed Wardy's ghost (amateur MiCK)
  1703 | D:3      | Reached skill level 6 in Conjurations
  1708 | D:3      | Reached skill level 5 in Spellcasting
  1708 | D:3      | Reached XP level 5. HP: 6/28 MP: 2/14
  1780 | D:3      | Learned a level 4 spell: Iskenderun's Mystic Blast
  1786 | D:3      | Learned a level 5 spell: Iskenderun's Battlesphere
  1890 | D:3      | Slain by Wardy's ghost

Skill      XL: |  1  2  3  4 |
---------------+-------------+-----
Conjurations   | 5 6 |  6.3
Spellcasting   | 4 5 |  5.0
Dodging        | |  2.4
Stealth        | |  2.4

Action                   |  1- 3 |  4- 6 || total
-------------------------+-------+-------++-------
Melee: Spear             |     2 |     1 ||     3
 Cast: Magic Dart        |    69 |    25 ||    94
  Eat: Chunk             |     1 |     2 ||     3
Armor: Robe              |     3 |       ||     3
Dodge: Dodged            |    10 |     7 ||    17
